 Dungeon Crawl Stone Soup version 0.31-a0-1002-g8e65716e6e (webtiles) character file.

Game seed: 6591312446584004739

45 BinkBink the Trooper (level 3, 0/40 HPs)
             Began as an Ogre Fighter on Nov 10, 2023.
             Slain by a goblin
             ... wielding a +0 club
             ... led by Robin
              (5 damage)
             ... on level 2 of the Dungeon.
             The game lasted 00:01:15 (1022 turns).

BinkBink the Trooper (Ogre Fighter)                 Turns: 1022, Time: 00:01:16

Health: 0/40       AC:  3    Str: 22    XL:     3   Next: 64%
Magic:  3/3        EV:  8    Int:  9    God:
Gold:   14         SH:  7    Dex:  8    Spells: 2/2 levels left

rFire   . . .        a - +0 flail
rCold   . . .        c - +0 kite shield
rNeg    . . .        b - +0 robe
rPois   .            (helmet restricted)
rElec   .            (no cloak)
rCorr   .            (gloves unavailable)
SInv    .            (boots unavailable)
Will    .....        (no amulet)
Stlth   +            (no ring)
HPRegen 0.26/turn    (no ring)
MPRegen 0.08/turn

%: no passive effects
@: mighty
A: large, unfitting armour, tough skin 1
a: no special abilities


You were on level 2 of the Dungeon.
You visited 1 branch of the dungeon, and saw 2 of its levels.

You collected 14 gold pieces.

Inventory:

Hand Weapons
 a - a +0 flail (weapon)
Armour
 b - a +0 robe (worn)
 c - a +0 kite shield (worn)
Jewellery
 f - a ring of willpower
 l - an amulet of reflection
Talismans
 n - a beast talisman
Scrolls
 h - a scroll of revelation {unknown}
 k - a scroll of immolation {unknown}
 m - a scroll of identify {unknown}
Potions
 d - a potion of might
 e - a potion of attraction {unknown}
 g - 2 potions of ambrosia {unknown}
 i - a potion of magic {unknown}
 j - a potion of invisibility {unknown}


   Skills:
 + Level 4.6 Fighting
 + Level 2.2 Maces & Flails
 + Level 3.1 Dodging
 + Level 3.4 Shields


You had 2 spell levels left.
You didn't know any spells.
Your spell library contained the following spells:

 Spells                   Type           Power      Damage    Failure   Level
 Sandblast                Erth           0%         2d4       67%         1
 Passwall                 Tmut/Erth      0%         N/A       80%         2
 Stone Arrow              Conj/Erth      0%         3d7       95%         3
 Brom's Barrelling Bould  Conj/Erth      0%         2d3       100%        4


Dungeon Overview and Level Annotations

Branches:
Dungeon (2/15)

Altars:

Annotations:
D:2 Robin


Innate Abilities, Weirdness & Mutations

You are too large for most types of armour.
You have tough skin. (AC +1)


Message History

You kill the goblin!
Robin roars a battlecry!
The goblins go into a battle-frenzy!
The goblin barely misses you.
You hear a shout! x2
You closely miss the hobgoblin. The goblin barely misses you.
The hobgoblin barely misses you. The goblin barely misses you.
The hobgoblin hits you.
You thump the goblin!
You kill the goblin!
You block Robin's attack. The goblin hits you but does no damage.
The hobgoblin misses you.
You closely miss the goblin.
Robin roars a battlecry!
The goblin hits you but does no damage. The hobgoblin hits you.
The goblin hits you with a +0 club.
You thump the goblin!
You kill the goblin!
The hobgoblin hits you but does no damage.
You block Robin's attack.
You sock the goblin!
You kill the goblin!
Robin hits you from afar with a +0 trident!
The hobgoblin hits you. The hobgoblin completely misses you.
Robin hits you but does no damage.
You barely miss the hobgoblin. The hobgoblin hits you.
You block the hobgoblin's attack. Robin hits you but does no damage.
The hobgoblin hits you.
* * * LOW HITPOINT WARNING * * *
The hobgoblin hits you but does no damage.
Okay, then.
You feel very mighty all of a sudden.
Robin roars a battlecry!
The goblins go into a battle-frenzy!
You block the hobgoblin's attack. The hobgoblin hits you.
* * * LOW HITPOINT WARNING * * *
Robin throws the goblin at you!
* * * LOW HITPOINT WARNING * * *
The goblin hits you with a +0 club.
You die...

######## #.....># #......#
##......# ##)......#
#........## #......†g.# ...
#.......#@## ##..#
##....>.#gg# ###....#
#.......##g#####.....#
#...ggg...g>.........# #..
#..g..g..............##...
.....g.g#...........##.....
.......##..................
g...g.. #.#..........#.#..#
g....## #.#..............#


You could see Robin, 2 hobgoblins and 2 goblins.

Vanquished Creatures
  A dart slug (D:1)
  4 ball pythons
  4 bats
  An endoplasm (D:1)
  A giant cockroach (D:2)
  6 goblins (D:2)
  2 hobgoblins
  6 jackals (D:1)
  3 kobolds (D:1)
  5 quokkas (D:1)
  A frilled lizard (D:2)
  3 rats
37 creatures vanquished.

Notes
Turn   | Place    | Note
-------+----------+-------------------------------------------
     0 | D:1      | BinkBink the Ogre Fighter began the quest for the Orb.
     0 | D:1      | Reached XP level 1. HP: 24/24 MP: 1/1
   177 | D:1      | Reached XP level 2. HP: 31/32 MP: 2/2
   378 | D:1      | Reached XP level 3. HP: 33/40 MP: 3/3
   999 | D:2      | Noticed Robin
  1022 | D:2      | Slain by a goblin

Illustrated notes

Levels and vault maps discovered:
D:1:      wander_arrival_peaceful_grave, layout_basic
D:2:      layout_rooms, serial_bayou, serial_bayou_lagoon_a,
          serial_bayou_crossing, serial_bayou_pond_e, serial_bayou_pond_e,
          uniq_robin, uniq_natasha

Skill      XL: |  1  2 |
---------------+-------+-----
Maces & Flails | 2 |  2.2
Dodging        | 3 |  3.1
Fighting       | |  4.6
Shields        | |  3.4

Action                     || total
---------------------------++-------
  Melee: Flail             ||   110
    Use: Potion            ||     1
 Armour: Robe              ||   114
  Dodge: Dodged            ||    59
  Block: Kite shield       ||    68

Table legend: (Time is in decaauts)
 A = Elapsed time spent in this place.
 B = Non-inter-level travel time spent in this place.
 C = Inter-level travel time spent in this place.
 D = Time resting spent in this place.
 E = Time spent auto-exploring this place.
 F = Levels seen in this place.
 G = Mean time per level.
                   A        B        C        D        E       F      G
               +--------+--------+--------+--------+--------+-----+--------+
         Total |   1069 |   1022 |     47 |    123 |    650 |   2 |  534.5 |
       Dungeon |   1069 |   1022 |     47 |    123 |    650 |   2 |  534.5 |
               +--------+--------+--------+--------+--------+-----+--------+

Top non-repeatable levels by time:
     D:1: 976 daAuts
     D:2: 92 daAuts
